 Dungeon Crawl Stone Soup version 0.22.1-57-g7394efd (webtiles) character file.

182 Borgoz the Cutter (level 5, -1/33 HPs)
             Began as a Kobold Berserker on Mar 26, 2019.
             Was a Believer of Trog.
             Slain by an orc wizard
             ... wielding a +0 dagger
              (2 damage)
             ... on level 3 of the Dungeon.
             The game lasted 00:03:47 (3016 turns).

Borgoz the Cutter (Kobold Berserker)                Turns: 3016, Time: 00:03:48

Health: -1/33      AC:  6    Str: 12    XL:     5   Next: 93%
Magic:  5/5        EV: 14    Int:  8    God:    Trog [**....]
Gold:   57         SH:  3    Dex: 15    Spells: 4/4 levels left

rFire    . . .     SeeInvis .   l - +0 rapier
rCold    . . .     Gourm    .   (shield restricted)
rNeg     . . .     Faith    .   i - +0 ring mail
rPois    .         Spirit   .   p - +0 helmet
rElec    .         Reflect  +   (no cloak)
rCorr    .         Harm     .   (no gloves)
MR       .....     Rnd*Tele +   (no boots)
Stlth    +.........             d - +3 amulet of reflection
HPRegen  0.11/turn              j - -3 ring of strength (curse)
MPRegen  0.09/turn              o - ring of teleportation (curse)

@: berserk cooldown, slowed, very slow
A: small, carnivore
a: Berserk, Trog's Hand, Renounce Religion


You were on level 3 of the Dungeon.
You worshipped Trog.
Trog was pleased with you.
You were very full.

You visited 1 branch of the dungeon, and saw 3 of its levels.

You collected 57 gold pieces.

Inventory:

Hand Weapons
 l - a +0 rapier (weapon)
Armour
 i - a +0 ring mail (worn)
 p - a +0 helmet (worn)
Jewellery
 d - a +3 amulet of reflection (around neck)
 j - a cursed -3 ring of strength (left hand)
 o - a cursed ring of teleportation (right hand)
Scrolls
 e - 4 scrolls of identify {unknown}
 h - a scroll of random uselessness {unknown}
 n - a scroll of remove curse {unknown}
 q - a scroll of teleportation {unknown}
Potions
 b - a potion of berserk rage {unknown}
 f - 2 potions of curing {unknown}
 g - a potion of resistance {unknown}
 k - a potion of brilliance {unknown}
 m - a potion of agility {unknown}
Comestibles
 a - a chunk of flesh
 c - 7 rations


   Skills:
 * Level 4.2 Fighting
 * Level 5.0 Short Blades
 + Level 1.3 Throwing
 * Level 2.5 Armour
 * Level 3.7 Dodging
 + Level 1.9 Stealth


You had 4 spell levels left.
You didn't know any spells.
Your spell library was empty.

Dungeon Overview and Level Annotations

Branches:
Dungeon (3/15)

Altars:
Uskayaw
Xom

Annotations:
D:3 1 runed door


Innate Abilities, Weirdness & Mutations

You are small and have problems with some larger weapons.
You are carnivorous and can eat meat at any time.


Message History

* * * LOW HITPOINT WARNING * * *
A jackal comes into view.
Something hits you but does no damage.
You miss something. Something hits you.
* * * LOW HITPOINT WARNING * * *
You closely miss something. Something hits you but does no damage.
You miss something. Something completely misses you.
You miss something. You block something's attack.
You hear some strange, mumbled words.
You miss something.
You hear some strange, mumbled words.
A puff of flame appears from out of thin air!
The puff of flame hits you!
* * * LOW HITPOINT WARNING * * *
You barely miss something. Something hits you.
* * * LOW HITPOINT WARNING * * *
Something hits you but does no damage.
You barely miss something. Something hits you but does no damage.
Something hits you.
You die...

##.... #.# ####. #..
#. #.# #. # #.# ###.
#.#######.# #...
..........## ###...
#.....##)hh######
#.....
.......)†hh{@...#
#.....
.......#..w####.#
#.....
#####..##.#####†###
###... #.. #.#
#.....# #... #..
#.###.###.# #..#
#..##.....# ... ##.#
#.......#.## #######
#.# ##..##.##....
#.....###.# #
##.####.###.##...##))


You could see a worm and 4 jackals.

Vanquished Creatures
  An orc priest (D:3)
  An orc wizard (D:3)
  Robin (D:3)
  An adder (D:3)
  An ooze (D:1)
  4 worms
  2 dart slugs (D:1)
  2 leopard geckos
  5 orcs (D:3)
  2 ball pythons (D:3)
  3 bats
  5 giant cockroaches
  13 goblins
  11 hobgoblins
  A quokka (D:2)
  5 frilled lizards
  11 kobolds
  6 rats
75 creatures vanquished.

Notes
Turn   | Place    | Note
-------+----------+-------------------------------------------
     0 | D:1      | Borgoz the Kobold Berserker began the quest for the Orb.
     0 | D:1      | Reached XP level 1. HP: 14/14 MP: 1/1
   275 | D:1      | Reached XP level 2. HP: 9/19 MP: 2/2
   733 | D:1      | Reached XP level 3. HP: 20/23 MP: 3/3
   829 | D:1      | Reached skill level 1 in Stealth
  1408 | D:2      | Reached ** piety under Trog
  1789 | D:2      | Reached XP level 4. HP: 29/29 MP: 4/4
  2127 | D:3      | Reached skill level 1 in Throwing
  2315 | D:3      | Found a runed door.
  2349 | D:3      | Found a shimmering altar of Xom.
  2350 | D:3      | Found a hide-covered altar of Uskayaw.
  2378 | D:3      | Reached XP level 5. HP: 32/33 MP: 5/5
  2417 | D:3      | Noticed Robin
  2450 | D:3      | Killed Robin
  2977 | D:3      | Reached skill level 5 in Short Blades
  3015 | D:3      | HP: 1/33 [something (1)]
  3016 | D:3      | Slain by an orc wizard

Skill      XL: |  1  2  3  4  5 |
---------------+----------------+-----
Stealth        | 1 |  1.9
Dodging        | 3 |  3.7
Armour         | 2 |  2.5
Throwing       | 1 |  1.3
Fighting       | 4 |  4.2
Short Blades   | 5 |  5.0

Action                   |  1- 3 |  4- 6 || total
-------------------------+-------+-------++-------
Melee: Short sword       |   124 |   110 ||   234
       Rapier            |       |    41 ||    41
Invok: Berserk           |       |     3 ||     3
 Stab: Sleeping          |     2 |     1 ||     3
  Eat: Chunk             |    11 |     6 ||    17
Armor: Animal skin       |     4 |       ||     4
       Ring mail         |    12 |    34 ||    46
Dodge: Dodged            |    63 |    92 ||   155
Block: Other             |     6 |    14 ||    20
